 Dungeon Crawl Stone Soup version 0.27.1 (webtiles) character file.

Game seed: 15511427025738920587

555187 Neebert the Conqueror (level 25, -1/257 HPs)
             Began as a Minotaur Fighter on Aug 29, 2021.
             Was the Champion of Hepliaklqana.
             Slain by a fire giant (18 damage)
             ... on level 5 of the Vaults on Aug 30, 2021.
             The game lasted 11:50:51 (57968 turns).

Neebert the Conqueror (Minotaur Fighter)           Turns: 57968, Time: 11:50:52

Health: -1/257     AC: 25    Str: 32    XL:     25   Next: 67%
Magic:  22/22      EV: 18    Int:  9    God:    Hepliaklqana [******]
Gold:   4297       SH: 34    Dex: 21    Spells: 24/24 levels left

rFire    + + .     SeeInvis .   l - +7 war axe (venom)
rCold    + + +     Faith    .   f - +6 tower shield {rC+ rF+}
rNeg     + + .     Spirit   .   N - +1 chain mail of Protective Custody {*Slow Regen+ Int+3 Dex+2}
rPois    .         Reflect  .   G - +2 hat {Int+3}
rElec    .         Harm     .   B - +1 cloak
rCorr    +         Rampage  .   b - +2 pair of gloves {Str+3}
Will     +....     Rnd*Rage +   Q - +0 pair of boots {Fly}
Stlth    ..........             v - amulet of regeneration
HPRegen  3.52/turn              M - ring "Xeheeg" {rF+ rCorr Str+4 Dex+2}
MPRegen  0.18/turn              F - ring "Migucual" {rC++ rN++ rCorr Dex+3}

@: marked, unable to read, on berserk cooldown, flying, slowed, constricted,
studying Fighting, very slow
A: reduced essence, horns 2, retaliatory headbutt, berserk 1, clumsy 1, dopey 1,
regeneration 1, robust 1, screaming 1, weak 1, inability to read while
threatened
}: 2/15 runes: barnacled, gossamer
a: Renounce Religion, Recall Ancestor, Ancestor Identity, Transference, Idealise


You were on level 5 of the Vaults.
You worshipped Hepliaklqana.
Hepliaklqana was exalted by your worship.
You visited 13 branches of the dungeon, and saw 51 of its levels.
You visited the Abyss 2 times.
You visited 1 bazaar.

You collected 6360 gold pieces.
You spent 2063 gold pieces at shops.

Inventory:

Hand Weapons
 l - a +7 war axe of venom (weapon)
 D - a +7 demon trident of freezing
 L - a +4 demon trident of draining
 U - the +8 glaive of the Big Bang {elec, Stlth+}
   (You took it off a deep elf elementalist on level 3 of the Elven Halls)

   It occasionally discharges a powerful burst of electricity upon striking a
   foe.
   Stlth:     It makes you more stealthy.
Missiles
 E - 88 poisoned darts (quivered)
Armour
 b - a +2 pair of gloves of strength (worn)
 f - a +6 tower shield of resistance (worn)
 B - a +1 cloak (worn)
 G - a +2 hat of intelligence (worn)
 N - the +1 chain mail of Protective Custody (worn) {*Slow Regen+ Int+3 Dex+2}
   (You found it on level 10 of the Dungeon)

   Int:       It affects your intelligence (+3).
   Dex:       It affects your dexterity (+2).
   Regen:     It increases your rate of health regeneration.
   *Slow:     It may slow you when you take damage.
 Q - a +0 pair of boots of flying (worn)
 Z - the +1 gold dragon scales of Mezcal {rPois rF+ rC+ Dex+3}
   (You found it on level 3 of the Depths)

   Dex:       It affects your dexterity (+3).
   rF:        It protects you from fire.
   rC:        It protects you from cold.
   rPois:     It protects you from poison.
Jewellery
 i - the ring "Kiesaofois" {rPois rF- rN+ Dex+6 Stlth+}
   (You took it off a deep elf blademaster on level 3 of the Elven Halls)

   [ring of dexterity]

   Dex:       It affects your dexterity (+6).
   rF:        It makes you vulnerable to fire.
   rPois:     It protects you from poison.
   rN:        It protects you from negative energy.
   Stlth:     It makes you more stealthy.
 p - a ring of willpower
 v - an amulet of regeneration (around neck)
 F - the ring "Migucual" (right hand) {rC++ rN++ rCorr Dex+3}
   (You found it on level 9 of the Dungeon)

   [ring of resist corrosion]

   Dex:       It affects your dexterity (+3).
   rC:        It greatly protects you from cold.
   rN:        It greatly protects you from negative energy.
   rCorr:     It protects you from acid and corrosion.
 M - the ring "Xeheeg" (left hand) {rF+ rCorr Str+4 Dex+2}
   (You bought it in a shop in a bazaar)

   [ring of protection from fire]

   Str:       It affects your strength (+4).
   Dex:       It affects your dexterity (+2).
   rF:        It protects you from fire.
   rCorr:     It protects you from acid and corrosion.
 W - the ring of Sefiow {rF+ rC+ rN+ Int+3 Dex-2}
   (You took it off a deep elf master archer on level 3 of the Elven Halls)

   [ring of protection from fire]

   Int:       It affects your intelligence (+3).
   Dex:       It affects your dexterity (-2).
   rF:        It protects you from fire.
   rC:        It protects you from cold.
   rN:        It protects you from negative energy.
Wands
 q - a wand of digging (22)
 s - a wand of iceblast (74)
 A - a wand of polymorph (46)
 H - a wand of flame (130)
 O - a wand of paralysis (26)
 P - a wand of mindburst (29)
 T - a wand of charming (24)
 X - a wand of acid (21)
Scrolls
 a - 2 scrolls of brand weapon
 e - a scroll of holy word
 g - 13 scrolls of teleportation
 m - a scroll of summoning
 w - 6 scrolls of blinking
 I - a scroll of fog
 J - a scroll of amnesia
 K - 20 scrolls of identify
 R - 2 scrolls of fear
Potions
 d - 3 potions of resistance
 h - 7 potions of haste
 j - 7 potions of curing
 k - 6 potions of ambrosia
 r - 2 potions of magic
 t - 2 potions of berserk rage
 u - 3 potions of invisibility
 x - 6 potions of cancellation
 C - 9 potions of brilliance
 V - 3 potions of might
Miscellaneous
 c - a piece from Xom's chessboard (15/15)
 o - a piece from Xom's chessboard (15/15)
 z - a lightning rod (4/4)
 Y - a phantom mirror


   Skills:
 O Level 27 Fighting
 - Level 1.1 Long Blades
 + Level 18.8(22.9) Axes
 - Level 22.5(24.6) Polearms
 - Level 0.9 Throwing
 + Level 17.0 Armour
 * Level 17.1 Dodging
 - Level 1.3 Stealth
 - Level 25.0 Shields


You had 24 spell levels left.
You didn't know any spells.
Your spell library contained the following spells:

 Spells                   Type           Power      Damage    Failure   Level
 Animate Skeleton         Necr           0%         N/A       75%         1
 Apportation              Tloc           0%         N/A       75%         1
 Beastly Appendage        Tmut           0%         N/A       75%         1
 Corona                   Hex            0%         N/A       75%         1
 Foxfire                  Conj/Fire      0%         2x1d4     75%         1
 Freeze                   Ice            0%         1d3       75%         1
 Magic Dart               Conj           0%         1d3       75%         1
 Pain                     Necr           0%         1d4       75%         1
 Sandblast                Erth           0%         2d4       75%         1
 Shock                    Conj/Air       0%         1d3       75%         1
 Sting                    Tmut/Pois      0%         1d3       75%         1
 Summon Small Mammal      Summ           0%         N/A       75%         1
 Blink                    Tloc           N/A        N/A       86%         2
 Call Imp                 Summ           0%         N/A       86%         2
 Ensorcelled Hibernation  Hex/Ice        0%         N/A       86%         2
 Passwall                 Tmut/Erth      0%         N/A       86%         2
 Poisonous Vapours        Pois/Air       0%         N/A       86%         2
 Slow                     Hex            0%         N/A       86%         2
 Static Discharge         Conj/Air       0%         N/A       86%         2
 Wereblood                Tmut           0%         N/A       86%         2
 Call Canine Familiar     Summ           0%         N/A       98%         3
 Confusing Touch          Hex            0%         N/A       98%         3
 Conjure Flame            Conj/Fire      0%         6-21      98%         3
 Dazzling Flash           Conj/Hex       0%         N/A       98%         3
 Frozen Ramparts          Ice            0%         1d2       98%         3
 Ignite Poison            Fire/Tmut/Pois 0%         N/A       98%         3
 Inner Flame              Hex/Fire       0%         N/A       98%         3
 Lesser Beckoning         Tloc           0%         N/A       98%         3
 Mephitic Cloud           Conj/Pois/Air  0%         N/A       98%         3
 Portal Projectile        Hex/Tloc       0%         N/A       98%         3
 Spider Form              Tmut/Pois      0%         N/A       98%         3
 Stone Arrow              Conj/Erth      0%         3d7       98%         3
 Summon Guardian Golem    Hex/Summ       0%         N/A       98%         3
 Swiftness                Air            0%         N/A       98%         3
 Tukima's Dance           Hex            0%         N/A       98%         3
 Vampiric Draining        Necr           0%         2d6       98%         3
 Airstrike                Air            0%         N/A       100%        4
 Animate Armour           Summ/Erth      0%         N/A       100%        4
 Dispel Undead            Necr           0%         3d6       100%        4
 Fulminant Prism          Conj/Hex       0%         3d6       100%        4
 Hailstorm                Conj/Ice       0%         3d3       100%        4
 Ice Form                 Ice/Tmut       0%         N/A       100%        4
 Iskenderun's Mystic Bla  Conj/Tloc      0%         2d3       100%        4
 Leda's Liquefaction      Hex/Erth       0%         N/A       100%        4
 Olgreb's Toxic Radiance  Pois           0%         N/A       100%        4
 Sticky Flame             Conj/Fire      0%         2d3       100%        4
 Summon Ice Beast         Ice/Summ       0%         N/A       100%        4
 Summon Lightning Spire   Summ/Air       0%         N/A       100%        4
 Alistair's Intoxication  Tmut/Pois      0%         N/A       100%        5
 Blade Hands              Tmut           0%         N/A       100%        5
 Bolt of Magma            Conj/Fire/Erth 0%         4d4       100%        5
 Excruciating Wounds      Necr           0%         N/A       100%        5
 Fireball                 Conj/Fire      0%         3d3       100%        5
 Freezing Cloud           Conj/Ice/Air   0%         6-21      100%        5
 Iskenderun's Battlesphe  Conj           0%         2d6       100%        5
 Lee's Rapid Deconstruct  Erth           0%         3d5*      100%        5
 Lightning Bolt           Conj/Air       0%         1d11      100%        5
 Manifold Assault         Tloc           0%         N/A       100%        5
 Summon Forest            Summ/Tloc      0%         N/A       100%        5
 Summon Mana Viper        Hex/Summ       0%         N/A       100%        5
 Conjure Ball Lightning   Conj/Air       0%         3x3d6     100%        6
 Invisibility             Hex            0%         N/A       100%        6
 Shadow Creatures         Summ           N/A        N/A       100%        6
 Simulacrum               Ice/Necr       0%         N/A       100%        6
 Starburst                Conj/Fire      0%         6d3       100%        6
 Statue Form              Tmut/Erth      0%         N/A       100%        6
 Monstrous Menagerie      Summ           0%         N/A       100%        7
 Orb of Destruction       Conj           0%         N/A       100%        7
 Discord                  Hex            0%         N/A       100%        8
 Disjunction              Tloc           0%         N/A       100%        8
 Lehudib's Crystal Spear  Conj/Erth      0%         10d2      100%        8
 Polar Vortex             Ice            0%         N/A       100%        9


Dungeon Overview and Level Annotations

Branches:
Dungeon (15/15)            Temple (1/1) D:4            Lair (6/6) D:10
 Shoals (4/4) Lair:2       Spider (4/4) Lair:2        Slime (5/5) Lair:5
    Orc (2/2) D:10            Elf (3/3) Orc:2        Vaults (5/5) D:14
  Crypt (0/3) Vaults:3     Depths (3/5) D:15           Hell (visited)
    Dis (0/7) Hell            Geh (0/7) Hell            Coc (1/7) Hell
    Tar (1/7) Hell

Altars:
Ashenzari
Dithmenos
Elyvilon
Fedhas
Gozag
Hepliaklqana
Kikubaaqudgha
Nemelex Xobeh
Qazlal
Sif Muna
Trog
Vehumet
Xom
Yredelemnul
Zin
Jiyva

Shops:
D:8 ?   D:10 [   D:11 (   D:15 !   Orc:1 (   Orc:2 [=(*   Elf:2 [   Shoals:2 =
Vaults:2 *   Vaults:3 *   Vaults:4 *

Portals:
Hell: Depths:1 Depths:2 Depths:3

Annotations:
Lair:5 exclusion: 3 oklob plants
Slime:5 Royal Jelly
Depths:2 3 runed translucent doors


Innate Abilities, Weirdness & Mutations

Your life essence is reduced to manifest your ancestor. (-10% HP)
You have a pair of horns on your head.
You reflexively headbutt those who attack you in melee.
You tend to lose your temper in combat.
You are clumsy. (Dex -2)
You are dopey. (Int -2)
Your natural rate of healing is unusually fast.
You are robust. (+10% HP)
You occasionally shout uncontrollably at your foes.
You are weak. (Str -2)
You sometimes lose the ability to read scrolls when taking damage.


Message History

* * * LOW HITPOINT WARNING * * *
You feel much better.
You block the deep elf sorcerer's attack.
You block the phantasmal warrior's attack.
The fire giant is empowered by the deep elf high priest's aura!
The deep elf high priest invokes the aid of its god against you.
Something smites you!
* * * LOW HITPOINT WARNING * * *
You block the deep elf sorcerer's attack.
The tentacled monstrosity tentacle-slaps you.
* * * LOW HITPOINT WARNING * * *
The tentacled monstrosity tentacle-slaps you.
* * * LOW HITPOINT WARNING * * *
The tentacled monstrosity tentacle-slaps you but does no damage.
The tentacled monstrosity constricts you!
* * * LOW HITPOINT WARNING * * *
The deep elf high priest calls down the wrath of its god upon you.
Something smites you!
* * * LOW HITPOINT WARNING * * *
The vault warden hits you with a +0 battleaxe!!
* * * LOW HITPOINT WARNING * * *
The fire giant hits you but does no damage.
You block the phantasmal warrior's attack.
The phantasmal warrior blinks!
You block the deep elf sorcerer's attack.
You cannot read scrolls in your current state!
The tentacled monstrosity's grasp on you weakens, but your attempt to escape fails.
The deep elf sorcerer seems less brilliant.
You block the tentacled monstrosity's attack.
The tentacled monstrosity closely misses you.
The tentacled monstrosity tentacle-slaps you but does no damage.
The tentacled monstrosity constricts you.
* * * LOW HITPOINT WARNING * * *
The deep elf sorcerer is empowered by the deep elf high priest's aura!
You block the vault warden's attack.
A freezing wraith comes into view.
The deep elf sorcerer points at you and mumbles some strange words.
The bolt of acid misses you.
The fire giant hits you with a +0 great sword of flaming!!
You die...

#...#(#.#...#.#.# #
#.#.#(#.#.#.#...#W#
..#.#=..#.#.#.#.#.#....#
#.#.#?#.#.#.#.#...#C...#
#...#?#...#...#.#.#....#
#.#..)#.#.#.#...#c#....#
#.#.#)..#.#.#.#.#e#....#
#.#.#)#.# # #.#C#X#..X.#
### #.#.#.#.#
#.#.@e#pe.)#.....
#.....# #
..#.WpDX†))..(...
#######
#####cD...)..#### ..
......W..†...... ..
................. ##
#################


You could see 2 tentacled monstrosities, a golden dragon, a storm dragon, a fire
giant (empowered), a vault warden (empowered), 2 yaktaur captains, a deep elf
sorcerer (fast, empowered, very poisoned), a deep elf high priest (brilliance
aura), 2 phantasmal warriors and a freezing wraith.

Vanquished Creatures
  2 ancient liches
  2 juggernauts
  Bai Suzhen (Depths:2)
  A shard shrike (Coc:1)
  A caustic shrike (Depths:3)
  Nikola (Spider:1)
  5 golden dragons
  the Enchantress (Depths:3)
  A doom hound (Tar:1)
  3 Tzitzimimeh
  Rupert (D:14)
  A lich (Depths:1)
  3 deep elf blademasters (Elf:3)
  3 deep elf master archers (Elf:3)
  2 titans
  18 acid blobs
  3 tentacled starspawn (Abyss:2)
  An ancient champion (Vaults:3)
  2 sphinxes
  The ghost of Domino the Severer, an adept MiBe of Trog (Elf:1)
  Agnes (D:14)
  Donald (Vaults:1)
  3 shadow dragons
  3 tengu reavers
  5 rockslimes
  2 storm dragons
  13 azure jellies
  Ilsuiw (Shoals:3)
  5 fire giants
  3 iron dragons
  A balrug (Abyss:2)
  A draconian scorcher (Abyss:2)
  4 deep elf sorcerers (Elf:3)
  2 spectral caustic shrikes (Depths:1)
  A frost giant (Depths:3)
  13 vault wardens
  3 ghost moths
  4 orc warlords
  Louise (D:15)
  6 emperor scorpions
  A juggernaut zombie (Depths:3)
  4 spriggan defenders (Depths:3)
  3 deep elf elementalists (Elf:3)
  14 ironbound preservers
  16 very ugly things
  2 reapers
  4 war gargoyles
  11 quicksilver oozes
  10 stone giants
  2 vampire knights (Depths:3)
  A lorocyproca (Hell)
  3 deep elf demonologists
  4 deep elf annihilators (Elf:3)
  2 entropy weavers
  A bunyip (shapeshifter) (Depths:2)
  6 spark wasps
  A blizzard demon (Hell)
  5 ettins
  4 merfolk javelineers (Shoals:4)
  4 deep elf death magi
  4 fire dragons
  A green death (Hell)
  6 merfolk impalers
  Josephine (D:13)
  10 yaktaur captains
  27 vault guards
  5 deep elf high priests
  8 great orbs of eyes
  2 ice dragons (Depths:1)
  A hell beast (Hell)
  9 ironbound frosthearts
  4 ironbound thunderhulks
  2 rakshasas
  5 spriggan air magi
  3 hydras
  A catoblepas (D:13)
  18 centaur warriors
  5 boulder beetles
  4 merfolk aquamancers
  A peacekeeper (Vaults:1)
  An anaconda (Lair:6)
  A two-headed ogre (D:13)
  A merfolk avatar (Shoals:1)
  A death knight (Abyss:2)
  A two-headed ogre (shapeshifter) (Depths:1)
  3 death yaks
  3 deep troll shamans (Depths:1)
  A tengu warrior (Shoals:2)
  3 deep troll earth magi
  16 dancing weapons
  3 ironbound beastmasters
  3 orc high priests
  5 thrashing horrors
  16 hell knights
  8 sun demons
  4 spriggan berserkers
  5 soul eaters
  4 wretched stars
  A ghost moth zombie (Hell)
  2 spatial maelstroms (Abyss:2)
  15 deep elf knights
  7 skeletal warriors
  An iron troll (Depths:1)
  8 sea snakes
  A flayed ghost (Depths:3)
  8 deep elf archers
  A tengu zombie (Vaults:2)
  12 wizards
  2 glowing orange brains
  39 deep trolls
  A lindwurm (shapeshifter) (Depths:2)
  15 ironbound convokers
  18 deep elf pyromancers
  5 phantasmal warriors
  15 orb spiders
  4 lindwurms
  A sphinx zombie (Vaults:4)
  66 ugly things
  11 necromancers
  13 orc knights
  18 wolf spiders
  8 fauns
  6 orc sorcerers
  12 harpies
  6 manticores
  An oklob plant (Lair:1)
  4 shining eyes
  A cyclops (shapeshifter) (Depths:2)
  22 deep elf zephyrmancers
  5 moths of wrath
  A sphinx skeleton (Depths:3)
  6 cyclopes
  An apocalypse crab (Abyss:3)
  2 elephants (shapeshifter)
  5 merfolk sirens
  6 elephants
  5 black mambas
  A frost giant skeleton (Tar:1)
  4 molten gargoyles (Hell)
  15 vault sentinels
  11 water nymphs
  6 smoke demons
  3 torpor snails
  An ice statue (Hell)
  6 rust devils (Hell)
  An elf skeleton (Vaults:3)
  2 gargoyles
  27 yaktaurs
  A yaktaur zombie (Vaults:3)
  7 cane toads
  A tormentor (Hell)
  2 freezing wraiths
  A human zombie (Vaults:2)
  A kobold demonologist (D:10)
  A hellion (Abyss:2)
  5 komodo dragons
  4 ice devils (Hell)
  An efreet (D:13)
  14 merfolk
  2 tengu conjurers
  11 demonic crawlers
  A sea snake skeleton (Hell)
  A hellwing (Abyss:2)
  4 ancient zymes
  A silent spectre (Tar:1)
  2 red devils (Hell)
  9 polar bears (Lair:6)
  7 trolls
  21 jumping spiders
  5 wind drakes
  8 hornets
  An elf zombie (Vaults:3)
  2 raiju
  A tyrant leech (shapeshifter) (Depths:2)
  4 snapping turtles
  6 dream sheep
  A hydra skeleton (Coc:1)
  83 slime creatures
  8 blink frogs
  2 ettin zombies
  12 air elementals
  A flying skull (Abyss:2)
  44 redbacks
  A ynoxinul (Abyss:2)
  4 shadows
  5 wraiths
  5 wyverns
  A centaur simulacrum (D:15)
  41 yaks
  6 spriggans (Depths:3)
  20 tarantellas
  23 water elementals
  A human (shapeshifter) (D:14)
  3 basilisks
  A neqoxec (Abyss:2)
  A fire elemental (Abyss:2)
  3 chaos spawn (Abyss:2)
  13 vampire mosquitoes
  9 large abominations
  5 spatial vortices (Abyss:2)
  3 wargs
  2 acid dragons
  12 water moccasins
  A cane toad zombie (Coc:1)
  A hydra simulacrum (Hell)
  A floating eye (shapeshifter) (Vaults:5)
  An ogre skeleton (Vaults:3)
  13 hell hounds (Lair:6)
  A swamp drake (Orc:2)
  10 black bears
  An ice beast (Coc:1)
  28 orc warriors
  2 cane toad skeletons
  A necrophage (D:7)
  2 sky beasts
  6 boggarts
  23 wolves
  9 ogres
  12 centaurs
  3 phantoms
  6 small abominations
  3 kobold brigands
  A gnoll sergeant (D:13)
  14 bullfrogs
  2 earth elementals (Elf:3)
  12 scorpions
  A water moccasin zombie (D:7)
  3 water moccasin skeletons
  2 killer bees (D:8)
  6 wights
  7 howler monkeys
  An electric eel (D:10)
  2 centaur zombies
  A quasit (Abyss:2)
  A bullfrog zombie (D:6)
  5 crimson imps
  A human simulacrum (Vaults:4)
  A gnoll shaman (D:3)
  A centaur skeleton (D:4)
  9 orc priests
  8 hounds
  2 iron imps
  A jelly (D:6)
  2 bullfrog skeletons
  8 orc wizards
  A killer bee zombie (D:7)
  A mummy (Coc:1)
  2 howler monkey zombies
  A howler monkey skeleton (D:7)
  8 adders
  7 gnolls
  A shadow imp (Orc:2)
  2 white imps
  A worm (D:4)
  61 orcs
  4 ball pythons
  12 endoplasms
  4 giant cockroaches
  5 goblins
  7 hobgoblins
  4 jackals (D:2)
  13 kobolds
  7 quokkas
  6 bats
  7 frilled lizards
  13 rats
  2 butterflies
  A lurking horror (Abyss:2)
  5 starspawn tentacles (Abyss:2)
1676 creatures vanquished.

Vanquished Creatures (collateral kills)
  Dissolution (Slime:3)
  A juggernaut (Depths:2)
  Geryon (Hell)
  2 Tzitzimimeh (Tar:1)
  A hellephant (Abyss:2)
  2 tentacled monstrosities (Vaults:5)
  A deep elf blademaster (Elf:2)
  The ghost of monk26 the Severer, an adept DrFi of the Shining One (Shoals:1)
  2 titans (Vaults:5)
  A deep elf master archer (Elf:3)
  10 acid blobs
  A tentacled starspawn (Abyss:2)
  Gastronok (D:7)
  A sphinx (Vaults:4)
  A shadow dragon (Depths:2)
  3 tengu reavers
  The ghost of Qymaymp the Geomancer, an adept GrEE of Vehumet (D:14)
  3 azure jellies
  Roxanne (Shoals:1)
  3 rockslimes
  A balrug (Hell)
  2 fire giants
  A ghost moth (Spider:4)
  3 frost giants
  2 deep elf elementalists (Elf:3)
  3 deep elf sorcerers
  3 vault wardens
  A spriggan defender (Depths:3)
  4 very ugly things (Depths:2)
  5 quicksilver oozes
  An emperor scorpion (Spider:1)
  3 reapers (Hell)
  5 ironbound preservers
  A deep elf demonologist (Elf:3)
  2 stone giants (Vaults:5)
  A starcursed mass (Abyss:2)
  3 vampire knights
  A spark wasp (Spider:4)
  4 deep elf annihilators
  2 entropy weavers
  3 merfolk impalers
  3 merfolk javelineers
  A blizzard demon (Abyss:2)
  A fire dragon (Depths:1)
  2 deep elf death magi (Vaults:3)
  A deep elf high priest (Elf:3)
  4 yaktaur captains
  3 great orbs of eyes
  2 hell beasts (Hell)
  3 vault guards
  An ice dragon (Depths:3)
  A hydra (Lair:2)
  2 ogre magi
  3 ironbound frosthearts
  A spriggan air mage (Depths:3)
  An ironbound thunderhulk (Vaults:4)
  A merfolk avatar (Shoals:3)
  A two-headed ogre (D:10)
  A satyr (Shoals:3)
  2 centaur warriors (Vaults:1)
  5 dancing weapons
  A tengu warrior (Depths:2)
  An orc high priest (Orc:2)
  Urug (D:12)
  2 thrashing horrors (Abyss:2)
  5 sun demons
  A titan skeleton (Tar:1)
  6 hell knights
  5 deep elf knights
  A skeletal warrior (D:13)
  An iron troll (D:14)
  A sea snake (Shoals:4)
  3 glowing orange brains (Vaults:3)
  A sea snake (shapeshifter) (Vaults:5)
  An anaconda zombie (Hell)
  6 deep trolls
  A lindwurm (Vaults:2)
  2 deep elf archers
  2 necromancers
  2 deep elf pyromancers
  2 ironbound convokers
  9 wizards
  7 harpies
  3 orc knights
  7 orb spiders
  13 ugly things
  A deep elf zephyrmancer (Elf:2)
  2 orc sorcerers
  A stone giant zombie (Vaults:4)
  3 shining eyes
  2 wolf spiders
  4 elephants
  2 cyclopes
  A faun (Shoals:1)
  A worldbinder (Abyss:2)
  5 manticores
  An eye of devastation (Slime:2)
  Maurice (D:11)
  4 vault sentinels
  A water nymph (shapeshifter) (Elf:2)
  An iron dragon skeleton (Tar:1)
  A merfolk siren (Shoals:1)
  A torpor snail (Spider:2)
  A rust devil (Hell)
  3 cane toads
  7 smoke demons
  8 demonic crawlers
  A freezing wraith (Vaults:5)
  4 yaktaurs
  2 hellions
  A komodo dragon (Lair:2)
  A rime drake (Lair:6)
  A sea snake zombie (Hell)
  2 hellwings (Abyss:2)
  A sea snake skeleton (Hell)
  4 ice devils
  2 trolls
  A red devil (Hell)
  A polar bear (Lair:6)
  5 merfolk
  2 jumping spiders
  A wind drake (Shoals:4)
  7 blink frogs
  4 hornets
  A raiju (Abyss:2)
  30 slime creatures
  2 snapping turtles
  A hydra skeleton (Hell)
  A spriggan (Depths:3)
  2 air elementals
  14 redbacks
  10 yaks
  3 tarantellas
  3 wraiths
  A shadow (D:10)
  12 water elementals
  A swamp worm (shapeshifter) (Vaults:3)
  2 chaos spawn (Abyss:2)
  A large abomination (Abyss:2)
  A spatial vortex (Abyss:2)
  A gelid demonspawn skeleton (Hell)
  2 wargs (Lair:6)
  2 water moccasins (Lair:3)
  A floating eye (Slime:4)
  A cane toad zombie (Coc:1)
  3 hell hounds (Lair:6)
  2 ice beasts
  13 orc warriors
  3 black bears
  2 boggarts
  4 wolves
  An alligator simulacrum (Hell)
  2 ogres
  7 centaurs
  A small abomination (Abyss:2)
  5 bullfrogs
  A water moccasin skeleton (D:7)
  2 killer bees
  An electric eel (D:10)
  A howler monkey (D:9)
  10 wights
  A centaur zombie (D:9)
  4 hounds
  2 jellies
  3 orc priests
  2 iguanas (D:5)
  8 orc wizards
  A centaur simulacrum (Hell)
  A howler monkey skeleton (D:7)
  3 gnolls
  An adder (D:6)
  A shadow imp (Tar:1)
  A white imp (D:7)
  An ufetubus (D:6)
  2 dart slugs
  27 orcs
  A hobgoblin (D:4)
  A kobold (D:10)
  A kobold skeleton (Tar:1)
  A starspawn tentacle (Abyss:2)
515 creatures vanquished.

Vanquished Creatures (others)
  A fire giant (Depths:3)
  A deep elf high priest (Elf:3)
  A hell knight (Hell)
  2 deep elf zephyrmancers
  An unseen horror (D:10)
  2 yaktaurs
  A jumping spider (Spider:2)
  A small abomination (Abyss:2)
  An orc warrior (Orc:1)
  An orc wizard (Orc:1)
  35 knights
  3 ancestors
  An orc (Orc:2)
  24 fungi
  87 plants
  6 starspawn tentacles (Abyss:2)
168 creatures vanquished.

Grand Total: 2359 creatures vanquished

Notes
Turn   | Place    | Note
-------+----------+-------------------------------------------
     0 | D:1      | Neebert the Minotaur Fighter began the quest for the Orb.
     0 | D:1      | Reached XP level 1. HP: 19/19 MP: 0/0
    99 | D:1      | Reached XP level 2. HP: 27/27 MP: 1/1
   123 | D:1      | Reached skill level 4 in Fighting
   350 | D:1      | Reached XP level 3. HP: 33/33 MP: 2/2
   717 | D:2      | Reached XP level 4. HP: 36/40 MP: 3/3
  1297 | D:3      | Found a faded altar of an unknown god.
  2123 | D:4      | Found a staircase to the Ecumenical Temple.
  2129 | D:4      | Reached XP level 5. HP: 46/46 MP: 4/4
  2142 | Temple   | Entered the Ecumenical Temple
  2169 | Temple   | Became a worshipper of Hepliaklqana the Forgotten
  2469 | D:4      | Reached skill level 1 in Dodging
  2550 | D:4      | Reached skill level 5 in Armour
  2550 | D:4      | Reached * piety under Hepliaklqana
  2559 | D:4      | Noticed an ogre
  2565 | D:4      | Killed an ogre
  2566 | D:4      | Reached skill level 5 in Polearms
  2566 | D:4      | Reached XP level 6. HP: 39/47 MP: 5/5
  2659 | D:4      | Reached skill level 5 in Shields
  3711 | D:5      | Entered Level 5 of the Dungeon
  3742 | D:5      | Reached XP level 7. HP: 40/54 MP: 6/6
  4191 | D:5      | Reached skill level 1 in Stealth
  4291 | D:5      | Found a runed translucent door.
  4293 | D:5      | Found a runed translucent door.
  4293 | D:5      | Noticed a vampire mosquito
  4317 | D:5      | Reached ** piety under Hepliaklqana
  4329 | D:5      | Reached skill level 5 in Fighting
  4329 | D:5      | Remembered your ancestor Septimus as a knight
  4725 | D:6      | Reached XP level 8. HP: 63/63 MP: 7/7
  4735 | D:6      | Reached skill level 6 in Fighting
  4850 | D:6      | Reached skill level 7 in Fighting
  4912 | D:6      | Reached skill level 8 in Fighting
  5267 | D:6      | Found a sand-covered staircase.
  5398 | D:7      | Reached skill level 9 in Fighting
  5530 | D:7      | Reached skill level 1 in Long Blades
  5744 | D:7      | Noticed a gargoyle
  5846 | D:8      | Reached skill level 10 in Fighting
  5879 | D:8      | Found Nousu's Magic Scroll Boutique.
  5901 | D:8      | Bought a scroll of enchant armour for 112 gold pieces
  5901 | D:8      | Bought a scroll of identify for 30 gold pieces
  5901 | D:8      | Bought a scroll of identify for 30 gold pieces
  5901 | D:8      | Bought a scroll of identify for 30 gold pieces
  5904 | D:8      | Gained mutation: You are robust. (+10% HP) [potion of
                  | mutation]
  5904 | D:8      | Gained mutation: You are dopey. (Int -2) [potion of
                  | mutation]
  5904 | D:8      | Gained mutation: Your natural rate of healing is unusually
                  | fast. [potion of mutation]
  5905 | D:8      | Bought a scroll of identify for 30 gold pieces
  5926 | D:8      | Reached XP level 9. HP: 81/85 MP: 8/8
  6109 | D:8      | Noticed Gastronok
  6635 | D:7      | Reached skill level 10 in Shields
  6860 | D:7      | Killed a gargoyle
  6861 | D:7      | Reached XP level 10. HP: 80/93 MP: 9/9
  7574 | D:7      | Killed Gastronok
  7835 | D:8      | Reached *** piety under Hepliaklqana
  8028 | D:9      | Identified the ring "Migucual" {rC++ rN++ rCorr Dex+3}
  8174 | D:9      | Reached XP level 11. HP: 100/100 MP: 10/10
  8276 | D:9      | Reached skill level 15 in Shields
  8379 | D:9      | Found a blossoming altar of Fedhas.
  8621 | D:10     | Entered Level 10 of the Dungeon
  8667 | D:10     | Found a staircase to the Orcish Mines.
  8799 | D:10     | Reached skill level 11 in Fighting
  8853 | D:10     | Identified the +1 chain mail of Protective Custody {*Slow
                  | Regen+ Int+3 Dex+2}
  9041 | D:10     | Found a staircase to the Lair.
  9088 | D:10     | Noticed a two-headed ogre
  9099 | D:10     | Killed a two-headed ogre
  9313 | D:10     | Found Aroigiet's Antique Armour Boutique.
  9345 | D:10     | Bought a tower shield for 112 gold pieces
  9634 | Lair:1   | Entered Level 1 of the Lair of Beasts
  9760 | Lair:1   | Reached **** piety under Hepliaklqana
  9795 | Lair:1   | Reached skill level 10 in Polearms
  9891 | Lair:1   | Reached skill level 12 in Fighting
  9931 | Lair:1   | Reached XP level 12. HP: 112/112 MP: 11/11
 10077 | Lair:1   | Noticed a seven-headed hydra
 10401 | Lair:1   | Found a dark tunnel.
 10532 | Lair:1   | Killed a seven-headed hydra
 10993 | Orc:1    | Entered Level 1 of the Orcish Mines
 11003 | Orc:1    | Noticed an orc high priest
 11176 | D:8      | Bought a scroll of acquirement for 780 gold pieces
 11178 | D:8      | Acquired a +2 pair of gloves of strength
 11337 | D:11     | Found Ekub's Antique Weapon Shop.
 11372 | D:11     | Noticed Maurice
 11388 | D:11     | Killed Maurice
 11464 | D:11     | Reached skill level 13 in Fighting
 11479 | D:11     | Identified the +5 short sword "Orb Guardian's Death"
                  | {speed, *Corrode rElec rN+ Stlth+}
 12058 | Lair:2   | Reached ***** piety under Hepliaklqana
 12058 | Lair:2   | Noticed a boulder beetle
 12058 | Lair:2   | Noticed a seven-headed hydra
 12110 | Lair:2   | Killed a seven-headed hydra
 12121 | Lair:2   | You fall into a shaft and drop 1 floor!
 12517 | Lair:2   | Killed a boulder beetle
 12644 | Lair:2   | Found a hole to the Spider Nest.
 12867 | Lair:2   | Reached skill level 10 in Armour
 12885 | Lair:2   | Reached skill level 14 in Fighting
 12887 | Lair:2   | Reached XP level 13. HP: 124/124 MP: 12/12
 12910 | Lair:2   | Got Sif Muna's Grimoire of Creative Hexes
 12998 | Lair:2   | Found a staircase to the Shoals.
 15200 | Lair:5   | Found a viscous altar of Jiyva.
 15200 | Lair:5   | Identified the +3 leather armour of Temperance {rF+ rC+++
                  | Int-5}
 15212 | Lair:5   | Found a staircase to the Slime Pits.
 15334 | Lair:4   | Reached skill level 15 in Fighting
 15349 | Lair:5   | Reached ****** piety under Hepliaklqana
 15891 | Shoals:1 | Entered Level 1 of the Shoals
 16154 | Shoals:1 | Noticed Roxanne
 16372 | Shoals:1 | Found a runed translucent door.
 16373 | Shoals:1 | Noticed monk26's ghost (adept DrFi)
 16376 | Shoals:1 | Found a flickering gateway to a bazaar.
 16429 | Shoals:1 | Reached skill level 16 in Fighting
 16741 | Shoals:1 | Killed monk26's ghost
 16950 | Shoals:2 | Reached XP level 14. HP: 115/138 MP: 13/13
 17537 | Shoals:2 | Found Xasofy's Jewellery Emporium.
 18241 | Shoals:3 | Noticed Ilsuiw
 18324 | Shoals:3 | Killed Ilsuiw
 18837 | Shoals:1 | Killed Roxanne
 19054 | Spider:1 | Entered Level 1 of the Spider Nest
 19361 | Spider:1 | Noticed Nikola
 19374 | Spider:1 | Killed Nikola
 19729 | Spider:1 | Reached XP level 15. HP: 120/145 MP: 14/14
 21051 | Spider:2 | Killed a ghost moth
 21181 | Spider:2 | Reached skill level 5 in Dodging
 22190 | Spider:4 | Entered Level 4 of the Spider Nest
 22509 | Spider:4 | Reached XP level 16. HP: 152/152 MP: 15/15
 23120 | Spider:4 | Got a gossamer rune of Zot
 24019 | D:12     | Noticed Urug
 24032 | D:12     | Killed Urug
 24194 | D:12     | You fall into a shaft and drop 1 floor!
 24259 | D:13     | Noticed Josephine
 24269 | D:13     | Killed Josephine
 24410 | D:13     | Identified the +5 long sword of Mayhem {venom, rC+ Int+4}
 24939 | D:14     | Noticed Agnes
 24946 | D:14     | Killed Agnes
 25256 | D:14     | Found a gate to the Vaults.
 25325 | D:14     | Found a flagged portal.
 25436 | D:14     | Noticed Rupert
 25456 | D:14     | Paralysed by Rupert for 2 turns
 25460 | D:14     | Killed Rupert
 25467 | D:14     | Reached XP level 17. HP: 160/160 MP: 16/16
 25511 | D:14     | Found a flickering gateway to a bazaar.
 25520 | Bazaar   | Entered a bazaar
 25528 | Bazaar   | Found Kafum's Jewellery Shop.
 25542 | Bazaar   | Found Sililann's Book Shop.
 25578 | Bazaar   | Bought the ring "Xeheeg" {rF+ rCorr Str+4 Dex+2} for 652
                  | gold pieces
 25641 | D:14     | Found a runed translucent door.
 25643 | D:14     | Noticed Qymaymp's ghost (adept GrEE)
 25912 | D:15     | Entered Level 15 of the Dungeon
 25961 | D:15     | Noticed Louise
 25983 | D:15     | Killed Louise
 26288 | D:15     | Found Vuxtagun's Distillery.
 27096 | D:15     | Found a staircase to the Depths.
 28018 | Lair:6   | Entered Level 6 of the Lair of Beasts
 29581 | Slime:1  | Entered Level 1 of the Pits of Slime
 29581 | Slime:1  | Noticed an acid blob
 29588 | Slime:1  | Killed an acid blob
 29593 | Slime:1  | Gained mutation: You are weak. (Str -2) [a shining eye]
 29642 | Slime:1  | Reached skill level 17 in Fighting
 29687 | Slime:1  | Noticed an acid blob
 29700 | Slime:1  | Killed an acid blob
 30139 | Slime:2  | Noticed an acid blob
 30140 | Slime:2  | Noticed an acid blob
 30144 | Slime:2  | Noticed an acid blob
 30146 | Slime:2  | Killed an acid blob
 30147 | Slime:2  | Noticed an acid blob
 30149 | Slime:2  | Noticed an acid blob
 30151 | Slime:2  | Noticed an acid blob
 31272 | Orc:1    | Found Maduf's Antique Weapon Emporium.
 31477 | Orc:2    | Entered Level 2 of the Orcish Mines
 31820 | Orc:2    | Found Pyang's Jewellery Shoppe.
 31853 | Orc:2    | Found Gash's Antique Armour Shoppe.
 31874 | Orc:2    | Bought a pair of glowing boots for 217 gold pieces
 31908 | Orc:2    | Reached skill level 18 in Fighting
 32152 | Orc:2    | Found Kul Liyth's General Store.
 32208 | Orc:2    | Bought a potion of heal wounds for 70 gold pieces
 32231 | Orc:2    | Found Hujau's Antique Weapon Shop.
 32234 | Orc:2    | Found a staircase to the Elven Halls.
 32416 | Elf:1    | Entered Level 1 of the Elven Halls
 32448 | Elf:1    | Reached XP level 18. HP: 172/172 MP: 17/17
 32577 | Elf:1    | Paralysed by an air elemental for 1 turns
 32648 | Elf:1    | Found a runed translucent door.
 32648 | Elf:1    | Noticed Domino's ghost (adept MiBe)
 33232 | Elf:1    | Killed Domino's ghost
 33499 | Elf:2    | Found a magical portal.
 33672 | Elf:2    | Paralysed by an air elemental for 1 turns
 33675 | Elf:2    | Paralysed by an air elemental for 1 turns
 33800 | Elf:2    | Paralysed by an air elemental for 1 turns
 33836 | Elf:2    | Reached skill level 19 in Fighting
 33837 | Elf:2    | Found a shimmering blue altar of Sif Muna.
 34000 | Elf:2    | Paralysed by an air elemental for 1 turns
 34003 | Elf:2    | Paralysed by an air elemental for 1 turns
 34083 | Elf:2    | Found a huge runed translucent gate.
 34083 | Elf:2    | Found a huge runed translucent gate.
 34083 | Elf:2    | Found a huge runed translucent gate.
 34083 | Elf:2    | Found a huge runed translucent gate.
 34087 | Elf:2    | Found a huge runed translucent gate.
 34138 | Elf:2    | Found Tokawib's Antique Armour Shoppe.
 34445 | Elf:2    | Cast into level 2 of the Abyss (+1 glaive of distortion)
 34762 | Abyss:2  | Found a corrupted altar of Lugonu.
 34888 | Abyss:2  | Found a burning altar of Makhleb.
 34914 | Abyss:2  | Reached skill level 15 in Polearms
 34929 | Elf:2    | Escaped the Abyss
 34986 | Elf:2    | Reached skill level 20 in Fighting
 35148 | Elf:3    | Entered Level 3 of the Elven Halls
 35290 | Elf:3    | Reached XP level 19. HP: 185/185 MP: 18/18
 37152 | Elf:3    | Identified the +8 flail of Inflation {flame, *Corrode Drain
                  | rElec Will+++}
 37171 | Elf:3    | Identified the ring of Sefiow {rF+ rC+ rN+ Int+3 Dex-2}
 37227 | Elf:3    | Noticed a Tzitzimitl
 37233 | Elf:3    | Identified the +8 glaive of the Big Bang {elec, Stlth+}
 37239 | Elf:3    | Reached skill level 21 in Fighting
 37418 | Elf:3    | Identified the ring "Kiesaofois" {rPois rF- rN+ Dex+6
                  | Stlth+}
 37567 | Elf:3    | Identified the +1 helmet of Riong {SInv}
 37635 | Elf:3    | Got Qoachash's Almanac of Spatial Stolen Souls
 38136 | D:12     | You are sucked into a shaft and drop 1 floor!
 38653 | D:14     | Killed Qymaymp's ghost
 39138 | Depths:1 | Entered Level 1 of the Depths
 39165 | Depths:1 | Reached skill level 10 in Dodging
 39179 | Depths:1 | Found a broken altar of Ashenzari.
 39479 | Depths:1 | Reached skill level 22 in Fighting
 39521 | Depths:1 | Found a gateway to Hell.
 39607 | Depths:1 | Found a glowing silver altar of Zin.
 39765 | Depths:1 | Reached XP level 20. HP: 198/200 MP: 19/19
 40090 | Depths:2 | Found a runed translucent door.
 40094 | Depths:2 | Noticed a juggernaut
 40107 | Depths:2 | Killed a juggernaut
 40115 | Depths:2 | Found a runed translucent door.
 40142 | Depths:2 | Noticed a juggernaut
 40154 | Depths:2 | Killed a juggernaut
 40238 | Depths:2 | Found a runed translucent door.
 40239 | Depths:2 | Found a runed translucent door.
 40281 | Depths:2 | Got the Grimoire of the Compass and the Oath
 40744 | Depths:3 | Reached skill level 23 in Fighting
 40802 | Depths:3 | Noticed an ancient lich
 41013 | Depths:3 | Killed an ancient lich
 41284 | Depths:3 | Noticed the Enchantress
 41303 | Depths:3 | Killed the Enchantress
 41434 | Depths:3 | Noticed a caustic shrike
 41444 | Depths:3 | Killed a caustic shrike
 41501 | Depths:3 | Noticed a golden dragon
 41507 | Depths:3 | Killed a golden dragon
 41515 | Depths:3 | Noticed a juggernaut
 41526 | Depths:3 | Killed a juggernaut
 41527 | Depths:3 | Reached skill level 24 in Fighting
 41527 | Depths:3 | Reached XP level 21. HP: 203/214 MP: 20/20
 41599 | Depths:3 | Identified the +1 gold dragon scales of Mezcal {rPois rF+
                  | rC+ Dex+3}
 41630 | Depths:3 | Identified the +1 leather armour "Ellaas" {rF+}
 41809 | Depths:3 | Noticed a golden dragon
 41817 | Depths:3 | Killed a golden dragon
 43611 | Depths:2 | You are sucked into a shaft and drop 1 floor!
 43841 | Depths:2 | Found a shimmering altar of Xom.
 44030 | Depths:2 | Noticed Bai Suzhen
 44043 | Depths:2 | Killed Bai Suzhen
 44409 | Hell     | Entered the Vestibule of Hell
 44409 | Hell     | Noticed Geryon
 44449 | Hell     | Reached skill level 25 in Fighting
 44450 | Hell     | Found a gateway to the freezing wastes of Cocytus.
 44519 | Hell     | Killed Geryon
 44874 | Hell     | Found a gateway to the ashen valley of Gehenna.
 45049 | Hell     | Found a gateway to the Iron City of Dis.
 45157 | Hell     | Found a gateway to the decaying netherworld of Tartarus.
 45178 | Tar:1    | Entered Level 1 of Tartarus
 45219 | Tar:1    | Reached XP level 22. HP: 220/223 MP: 21/21
 45736 | Shoals:4 | Entered Level 4 of the Shoals
 45748 | Shoals:4 | Paralysed by an air elemental for 1 turns
 45750 | Shoals:4 | Paralysed by an air elemental for 1 turns
 45863 | Shoals:4 | Paralysed by an air elemental for 1 turns
 45910 | Shoals:4 | Paralysed by an air elemental for 1 turns
 45914 | Shoals:4 | Paralysed by an air elemental for 1 turns
 45918 | Shoals:4 | Paralysed by an air elemental for 1 turns
 45961 | Shoals:4 | Paralysed by an air elemental for 1 turns
 45991 | Shoals:4 | Reached skill level 26 in Fighting
 46028 | Shoals:4 | Identified the +2 great mace "Demonbane" {venom, *Noise
                  | Str+7 Int+4}
 46043 | Shoals:4 | Got a barnacled rune of Zot
 46363 | Shoals:4 | Paralysed by an air elemental for 1 turns
 46366 | Shoals:4 | Paralysed by an air elemental for 1 turns
 46734 | Shoals:4 | Paralysed by an air elemental for 1 turns
 47389 | Coc:1    | Entered Level 1 of Cocytus
 47511 | Coc:1    | Noticed a shard shrike
 47518 | Coc:1    | Killed a shard shrike
 48026 | Tar:1    | Reached skill level 27 in Fighting
 48820 | Slime:2  | Gained mutation: You occasionally shout uncontrollably at
                  | your foes. [a shining eye]
 48824 | Slime:2  | Gained mutation: You are clumsy. (Dex -2) [a shining eye]
 48826 | Slime:2  | Gained mutation: You sometimes lose the ability to read
                  | scrolls when taking damage. [a shining eye]
 49117 | Slime:3  | Noticed Dissolution
 49123 | Slime:3  | Killed Dissolution
 49668 | Slime:4  | Reached XP level 23. HP: 238/240 MP: 22/22
 49740 | Slime:5  | Entered Level 5 of the Pits of Slime
 50017 | Slime:5  | Noticed the Royal Jelly
 50339 | Slime:5  | Paralysed by a floating eye for 3 turns
 50397 | Slime:5  | Paralysed by a floating eye for 4 turns
 51528 | Vaults:1 | Entered Level 1 of the Vaults
 51641 | Vaults:1 | Noticed Donald
 51654 | Vaults:1 | Killed Donald
 51712 | Vaults:1 | Reached skill level 15 in Armour
 52874 | Vaults:2 | Reached skill level 1 in Axes
 53249 | Vaults:2 | Reached skill level 5 in Axes
 53308 | Vaults:2 | Reached skill level 15 in Dodging
 53509 | Vaults:2 | Found Onosaing's General Store.
 54036 | Vaults:3 | Found Maefiwn's Assorted Antiques.
 54114 | Vaults:3 | Reached XP level 24. HP: 246/249 MP: 22/22
 54116 | Vaults:3 | Found a staircase to the Crypt.
 54529 | Vaults:3 | Reached skill level 10 in Axes
 55470 | Vaults:4 | Cast into level 2 of the Abyss (a wizard)
 55486 | Abyss:2  | Found a corrupted altar of Lugonu.
 55943 | Abyss:3  | Found a hazy altar of Hepliaklqana.
 56011 | Abyss:3  | Found a hazy altar of Hepliaklqana.
 56043 | Abyss:3  | Reached skill level 15 in Axes
 56111 | Abyss:3  | Gained mutation: You tend to lose your temper in combat. [a
                  | neqoxec]
 56220 | Vaults:4 | Escaped the Abyss
 56394 | Vaults:4 | Paralysed by a sphinx for 6 turns
 56404 | Vaults:4 | Reached XP level 25. HP: 185/257 MP: 22/22
 56644 | Vaults:4 | Found Bettob's Assorted Antiques.
 57577 | Vaults:5 | Entered Level 5 of the Vaults
 57708 | Vaults:5 | Noticed an ancient lich
 57724 | Vaults:5 | Killed an ancient lich
 57968 | Vaults:5 | Slain by a fire giant

Illustrated notes

Levels and vault maps discovered:
D:1:      scummos_arrival_gate, layout_rooms
D:2:      layout_basic, kennysheep_cross_bottleneck, hangedman_decor_growths
D:3:      layout_basic, ebering_ecumenical_altar_ruins, wad_rectangle_vault
D:4:      layout_cave_pods, minmay_temple_entry_sparse_star
D:5:      lemuel_insect_pit, layout_cave_pools
D:6:      layout_loops_cross, lightli_ossuary_entry_decrepit_ruins
D:7:      minmay_polygon_palace, layout_basic
D:8:      layout_loops_ring, serial_shops, shop, uniq_gastronok
D:9:      layout_gridville, kennysheep_mini_moat, kennysheep_pointless_box
D:10:     layout_loops_ring, erik_lair_island, orc_0_dummy, serial_shops,
          nicolae_square_shop, dk_noncrumbling_3, kennysheep_generic_room_15
D:11:     layout_roguey, serial_shops, nicolae_shop_competitors_out_of_business,
          uniq_maurice
D:12:     layout_roguey, special_room [special_room_orc], uniq_urug
D:13:     layout_small_grid, minmay_fractal_squares_gapless_5, uniq_josephine
D:14:     layout_long_grid, david_vaults_4, ebering_ghost_reflecting_pool,
          enter_bailey_8, serial_shops, bzr_entry_lakeside, uniq_agnes,
          uniq_rupert
D:15:     gammafunk_enter_depths_forms, layout_basic, serial_shops, shop,
          uniq_louise
Temple:   compressed_dpeg_triangle_lava_temple
Lair:1:   layout_chaotic_city, nicolae_volcano_entry_hallway,
          grunt_megastairs_1, minmay_lair_oklob_chamber
Lair:2:   layout_regular_city, elwin_shoals_entry_rocks,
          nicolae_spider_entry_orb_guardian, gauntlet_entry_generic,
          nzn_sisyphean_effort, infiniplex_staircase_pool_2, lemuel_fruit_tree
Lair:3:   layout_gridlike, beast_lair_carwin_9
Lair:4:   layout_regular_city, chequers_serial_rivers_room_b,
          lemuel_fruit_fields
Lair:5:   minmay_lair_oklob_tunnel, layout_cave_shapes, slime_altar_1
Lair:6:   hangedman_lair_caniforms_friends, layout_regular_city,
          grunt_megastairs_3
Shoals:1: layout_shoals, serial_shops, bzr_in_the_mist,
          ebering_ghost_inner_flame, uniq_roxanne
Shoals:2: layout_shoals, serial_shops, shop_statue, kb_tengu_band
Shoals:3: layout_shoals, uniq_ilsuiw
Shoals:4: shoals_end_hellmonk_storm_palace [storm_palace_center_circular,
          storm_palace_corner_narrow, storm_palace_corner_blocked,
          storm_palace_corner_grid, storm_palace_corner_grid]
Spider:1: layout_chambers, hangedman_spider_tarantella_strand, uniq_nikola
Spider:2: nicolae_spider_hilbert_zone_4 [nicolae_spider_hilbert_4_sides_2_open,
          nicolae_spider_hilbert_4_sides_1_open,
          nicolae_spider_hilbert_4_sides_1_open,
          nicolae_spider_hilbert_4_sides_1_open,
          nicolae_spider_hilbert_4_sides_1_open,
          nicolae_spider_hilbert_2_sides_1_open,
          nicolae_spider_hilbert_2_sides_1_open,
          nicolae_spider_hilbert_2_sides_1_open,
          nicolae_spider_hilbert_2_sides_1_open,
          nicolae_spider_hilbert_6_sides_1_open,
          nicolae_spider_hilbert_6_sides_1_open,
          nicolae_spider_hilbert_3_sides_1_open,
          nicolae_spider_hilbert_3_sides_1_open], nicolae_spider_moth_buddies
Spider:3: layout_spider_delve
Spider:4: grunt_spider_rune_island
Slime:1:  layout_caves
Slime:2:  layout_caves, nicolae_slime_welcoming_committee
Slime:3:  layout_caves, dissolution_awaits
Slime:4:  layout_caves
Slime:5
Orc:1:    layout_caves, serial_shops, nicolae_shop_crystal
Orc:2:    grunt_orc_gardens, layout_caves, grunt_orc_garden, grunt_orc_garden,
          grunt_orc_garden, grunt_orc_garden, hangedman_minor_magic
Elf:1:    layout_geoelf_grid, ebering_ghost_reflecting_pool,
          hangedman_elf_disciples
Elf:2:    elven_hall_of_blades_hangedman_alternative
          [nicolae_blade_entry_antechamber], layout_onion_city,
          mu_enter_wizlab_7, serial_shops, nicolae_diamond_shop,
          amcnicky_mini_pool_small, david_defended_altar_elf
Elf:3:    minmay_elf_hall_furrowed, layout_geoelf_diagonals
Vaults:1: hangedman_vaults_hat, nicolae_vaults_network_star,
          hangedman_vaults_maws, v_misc_5, nicolae_vaults_network_quincunx
          [nicolae_vaults_network_quincunx_subvault,
          nicolae_vaults_network_quincunx_subvault,
          nicolae_vaults_network_quincunx_subvault,
          nicolae_vaults_network_quincunx_subvault,
          nicolae_vaults_network_quincunx_subvault], st_smaller_cells,
          v_alt_pattern_4, vaults_room_pools, vaults_room_pool, v_misc_30,
          nicolae_vaults_back_hallway, vaults_dpeg_encased_lava,
          hangedman_vaults_stretched_pinwheel, layout_vaults_maze, uniq_donald
Vaults:2: grunt_vaults_diagonal, st_lattice,
          nicolae_vaults_windows_and_doors_thing, vaults_dpeg_cross, v_misc_12,
          vaults_room_pool, hangedman_vaults_maws, vaults_room_pools,
          nicolae_vaults_little_squares_1, hangedman_vaults_restitches,
          hangedman_vaults_capsules, nicolae_vaults_circle_grid_a,
          v_alt_pattern_2, layout_vaults_ring, serial_shops,
          nicolae_shop_crystal
Vaults:3: v_pattern_1, nicolae_vaults_theta, vaults_room_boxed,
          minmay_crypt_entry_simple_walls, grunt_vaults_swirl,
          hangedman_vaults_river_flow, vaults_mumra_minichess,
          hangedman_vaults_variations, dpeg_vaults_pockets_of_resistance,
          v_alt_pattern_4, v_misc_15, grunt_vaults_hallway_long,
          nicolae_vaults_little_squares_3, layout_vaults_omnibox, serial_shops,
          shop
Vaults:4: grunt_vaults_bifocal, nicolae_vaults_little_squares_1, v_misc_19,
          vaults_room_large_hall, ontoclasm_vaults_fault, nicolae_vaults_big_ls,
          v_misc_5, nicolae_vaults_network_quinsquares
          [nicolae_vaults_network_quincunx_subvault,
          nicolae_vaults_network_quincunx_subvault,
          nicolae_vaults_network_quincunx_subvault,
          nicolae_vaults_network_quincunx_subvault],
          nicolae_vaults_little_squares_4, vaults_room_door_hall,
          vaults_room_hallway, layout_vaults_omnigrid, serial_shops,
          nicolae_shop_statue_plus
Vaults:5
Depths:1: layout_cave_pools, pf_hell_entry_tar_river,
          nicolae_ashenzari_skybound, chequers_serial_rivers_large_b,
          st_stairs_13, zin_statuary, serial_bayou_shore_b
Depths:2: impenetrable_vault, layout_cave_pools, minmay_crystal_water,
          hell_entry, led_xom_imps, serial_bayou_shore_a,
          infiniplex_staircase_zigzag_2, uniq_bai_suzhen
Depths:3: minmay_fractal_lines_corner, layout_basic, minmay_fountain_box,
          grunt_pan_entry_spiral, hell_entry, special_room
          [special_room_morgue], nicolae_abyss_entry_one_way_or_another,
          nrook_pool_corridor, grunt_megastairs_5, serial_bayou_shore_b,
          uniq_enchantress
Hell
Coc:1:    layout_ice_bergs
Tar:1:    layout_cathedral_of_symmetry

Skill      XL: |  1  2  3  4  5  6  7  8  9 10 11 12 13 14 15 16 17 18 19 20 21 22 23 24 25 |
---------------+----------------------------------------------------------------------------+-----
Shields        | 4 5 11 14 15 18 21 24 25 | 25.0
Fighting       | 4 5 10 12 14 16 18 20 22 24 25 27 | 27.0
Polearms       | 3 4 5 6 10 12 15 16 18 19 21 22 | 22.5
Armour         | 4 5 6 10 12 13 14 15 16 17 | 17.0
Dodging        | 1 2 3 5 6 9 10 11 12 13 15 16 17 | 17.1
Stealth        | 1 |  1.3
Long Blades    | 1 |  1.1
Axes           | 8 16 18 | 18.8
Throwing       | |  0.9

Action                   |  1- 3 |  4- 6 |  7- 9 | 10-12 | 13-15 | 16-18 | 19-21 | 22-24 | 25-27 || total
-------------------------+-------+-------+-------+-------+-------+-------+-------+-------+-------++-------
Melee: Trident           |    50 |       |       |       |       |       |       |       |       ||    50
       Headbutt          |    10 |    40 |    64 |   266 |   283 |   349 |   343 |   630 |    91 ||  2076
       Spear             |    43 |   207 |   382 |   846 |   780 |       |       |       |       ||  2258
       Great sword       |       |       |     2 |       |       |       |       |       |       ||     2
       Demon trident     |       |       |       |       |   527 |  1544 |  1282 |   941 |    71 ||  4365
       War axe           |       |       |       |       |       |       |       |   827 |   184 ||  1011
Throw: Dart              |       |       |       |     3 |       |       |     2 |       |       ||     5
Invok: Ancestor Life: Kn |       |       |     1 |       |       |       |       |       |       ||     1
       Recall Ancestor   |       |       |       |     1 |       |     2 |     2 |     6 |       ||    11
Evoke: Wand              |       |       |       |     5 |     2 |       |     1 |       |       ||     8
       Phantom mirror    |       |       |       |       |       |       |       |     1 |       ||     1
  Use: Potion            |       |     1 |     2 |       |     1 |     2 |     6 |     8 |     1 ||    21
       Scroll            |       |       |    20 |    10 |     7 |     3 |    12 |     5 |     1 ||    58
 Stab: Distracted        |       |     1 |     2 |       |    12 |    11 |    14 |    16 |     4 ||    60
Armor: Scale mail        |    34 |    55 |    59 |    30 |       |       |       |       |       ||   178
       Chain mail        |       |       |       |    69 |   163 |   197 |    96 |   286 |    31 ||   842
       Troll leather arm |       |       |       |     7 |       |       |       |       |       ||     7
       Gold dragon scale |       |       |       |       |       |       |       |    66 |       ||    66
Dodge: Dodged            |    17 |    29 |    79 |   134 |   124 |   179 |   171 |   446 |    68 ||  1247
Block: Kite shield       |    41 |    64 |    78 |   443 |   469 |       |       |       |       ||  1095
       Tower shield      |       |       |       |     9 |   217 |   990 |   834 |  1736 |   231 ||  4017
